 Dungeon Crawl Stone Soup version 0.18-a0-49-gd105b5a (console) character file.

183 nht the Cudgeler (level 5, 0/45 HPs)
             Began as an Ogre Venom Mage on Nov 7, 2015.
             Succumbed to an orc wizard's poison
             ... on level 4 of the Dungeon.
             The game lasted 00:07:26 (3197 turns).

nht the Cudgeler (Ogre Venom Mage)                  Turns: 3197, Time: 00:07:26

Health: 0/45       AC:  4    Str: 14    XL:     5   Next: 62%
Magic:  6/8        EV:  9    Int: 16    God:
Gold:   216        SH:  0    Dex: 10    Spells: 2 memorised, 5 levels left

rFire  . . .     SeeInvis .     a - +2 mace (drain)
rCold  . . .     Clarity  .     p - +0 robe
rNeg   . . .     SustAt   .     (no shield)
rPois  .         Gourm    .     (helmet restricted)
rElec  .         Spirit   .     e - +0 cloak
rCorr  .         Warding  .     (gloves unavailable)
rMut   .         Stasis   .     (boots unavailable)
MR     .....                    (no amulet)
Stlth  +.........               (no ring)
                                (no ring)

@: lethally poisoned (0 -> -13), very slightly contaminated, heavily drained,
not resistant to hostile enchantments, very unstealthy
A: unfitting armour, clever 1, tough skin 1
a: no special abilities


You were on level 4 of the Dungeon.
You were hungry.

You visited 1 branch of the dungeon, and saw 4 of its levels.

You collected 216 gold pieces.

Inventory:

Hand Weapons
 a - a +2 mace of draining (weapon)
Missiles
 j - 5 tomahawks (quivered)
Armour
 e - a +0 cloak (worn)
 p - a +0 robe (worn)
Wands
 f - a wand of paralysis (10)
Scrolls
 d - 5 scrolls of identify {unknown}
 g - a scroll of teleportation {unknown}
 i - 3 scrolls of fear {unknown}
 k - a scroll of recharging {unknown}
 m - 3 scrolls of remove curse {unknown}
 r - a scroll of magic mapping {unknown}
 w - a scroll of amnesia {unknown}
Books
 b - a Young Poisoner's Handbook

   Spells                             Type                      Level
   a - Sting                          Conjuration/Poison           1
   b - Cure Poison                    Poison                       2
   c - Mephitic Cloud                 Conjuration/Poison/Air       3
   d - Olgreb's Toxic Radiance        Poison                       4
   e - Venom Bolt                     Conjuration/Poison           5
Comestibles
 c - 2 bread rations
 h - a beef jerky
 l - a royal jelly
 n - a slice of pizza
 o - 3 chunks of flesh
 q - 2 meat rations


   Skills:
 + Level 6.7(4.2) Maces & Flails
 - Level 1.7(0.0) Dodging
 - Level 1.6(0.0) Stealth
 - Level 2.4(0.1) Spellcasting
 - Level 3.0(0.7) Poison Magic


You had 5 spell levels left.
You knew the following spells:

 Your Spells              Type           Power        Failure   Level  Hunger
a - Sting                 Conj/Pois      #...         24%         1    ##.....
b - Cure Poison           Pois           #.........   30%         2    ###....


Dungeon Overview and Level Annotations

Branches:
Dungeon (4/15)
 Temple: D:4-7

Altars:
Elyvilon


Innate Abilities, Weirdness & Mutations

You are too large for most types of armour.
You have tough skin (AC +1).
Your mind is acute. (Int +2)


Message History

You feel sick.
* * * LOW HITPOINT WARNING * * *
You feel sick.
* * * LOW HITPOINT WARNING * * *
You feel sick.
You see here a fluorescent wand.
f - a wand of paralysis
* * * LOW HITPOINT WARNING * * *
You feel sick.
Evoke which item? (* to show all) (? for menu, Esc to quit)
Okay, then.
* * * LOW HITPOINT WARNING * * *
You feel sick.
* * * LOW HITPOINT WARNING * * *
You feel sick.
* * * LOW HITPOINT WARNING * * *
You feel sick.
Found 21 arrows.
An orc comes into view. It is wielding a hand axe.
You die...

███ █(█ █.█ █.█
██ █.█ ██.█ █.██
██.████..█
█@.███.█
......███ ██....█
█....... █....█
...... █....█
.██....
█...<███..███....
████.)...█ █..%.o
██o..████.███.
██[).██.o██ .
█....<.o██
█.......█
█..█...(██


You could see an orc (wandering).

Vanquished Creatures
  3 orc wizards
  2 adders
  A gnoll (D:2)
  2 giant geckos (D:3)
  7 orcs
  11 bats
  6 hobgoblins
  2 quokkas (D:2)
  A ball python (D:3)
  2 giant cockroaches (D:3)
  2 giant newts
  8 goblins
  10 kobolds
  8 rats
65 creatures vanquished.

Notes
Turn   | Place    | Note
--------------------------------------------------------------
     0 | D:1      | nht the Ogre Venom Mage began the quest for the Orb.
     0 | D:1      | Reached XP level 1. HP: 16/16 MP: 3/3
    39 | D:1      | Reached skill level 3 in Poison Magic
   128 | D:1      | Reached skill level 1 in Maces & Flails
   212 | D:1      | Gained mutation: Your mind is acute. (Int +2) [potion of beneficial mutation]
   222 | D:1      | Reached XP level 2. HP: 9/24 MP: 0/5
   891 | D:2      | Found a faded altar to an unknown god.
  1156 | D:2      | Reached XP level 3. HP: 29/31 MP: 0/6
  1230 | D:2      | Found a white marble altar of Elyvilon.
  1567 | D:2      | Reached skill level 4 in Maces & Flails
  1644 | D:2      | Became a worshipper of Elyvilon the Healer
  1644 | D:2      | Reached * piety under Elyvilon
  1859 | D:3      | Reached XP level 4. HP: 23/39 MP: 1/7
  2244 | D:3      | Learned a level 2 spell: Cure Poison
  2317 | D:3      | Reached skill level 5 in Maces & Flails
  2435 | D:3      | Reached skill level 6 in Maces & Flails
  2435 | D:3      | Reached XP level 5. HP: 20/45 MP: 1/8
  3012 | D:3      | Fell from the grace of Elyvilon
  3195 | D:4      | HP: 2/45 [poisoned by an orc wizard]
  3197 | D:4      | Succumbed to an orc wizard's poison

Vault maps used:
D:1:      dpeg_arrival_renting
D:2:      lemuel_coloured_pillars_altar, ecumenical_altar_2
D:3:      minmay_misc_feat_room, patterned_corridor
D:4:      minmay_rat_hole, uniq_robin

Action                   |  1- 3 |  4- 6 || total
-------------------------+-------+-------++-------
Melee: Club              |    36 |    33 ||    69
       Mace              |       |     5 ||     5
Throw: Tomahawk          |    14 |     5 ||    19
 Cast: Sting             |    86 |    76 ||   162
Invok: Renounce Religion |       |     1 ||     1
  Use: Potion            |     1 |     7 ||     8
 Stab: Invisible         |       |     4 ||     4
  Eat: Chunk             |     4 |     6 ||    10
